Saguenéens vs Harfangs (R1)

Created - 19 septembre 2014 at 19:40

Simulating a Pre-Season

Goals
1 2 3 T
Saguenéens 1 0 1 2
Harfangs 2 0 4 6
Shots
1 2 3 T
Saguenéens 10 12 12 34
Harfangs 18 7 15 40

1st period

1. Harfangs , Peter Olvecky 6 (Petri Kontiola) at 12:08 (PP)
2. Harfangs , Michal Repik 3 (Craig Smith, Alexandre Picard) at 15:18 (PP)
3. Saguenéens , Tyler Kennedy 1 (Ian Cole) at 19:57

Penalties :
Tyler Kennedy (Chi) for Roughing (Minor) at 4:46, Tomas Kudelka (Chi) for Interference (Minor) at 12:04, Brandon Burlon (Chi) for Slashing (Double Minor) at 14:16

2nd period

No Goal

Penalties :
Kyle Palmieri (BEA) for Holding (Minor) at 6:14, David Rundblad (Chi) for Diving (Minor) at 8:52, Tomas Kudelka (Chi) for Roughing (Minor) at 16:23

3rd period

4. Harfangs , Roman Wick 3 (Tomas Tatar, Mark Giordano) at 3:10
5. Harfangs , Peter Olvecky 7 (Alexandre Picard, Alex Killorn) at 3:57
6. Saguenéens , Kyle Brodziak 6 (David Moss, Joffrey Lupul) at 4:31
7. Harfangs , Chris Kreider 4 (Petri Kontiola, Michal Repik) at 16:08
8. Harfangs , Petri Kontiola 3 (Peter Olvecky) at 16:46 (PP)

Penalties :
Peter Olvecky (BEA) for Hooking (Minor) at 7:10, Alexandre Picard (BEA) for Tripping (Minor) at 11:35, Brandon Burlon (Chi) for High sticking (Minor) at 16:39, Marcus Johansson (Chi) for Tripping (Minor) at 16:59

Goalie Stats

Harru Sateri (Chi), 34 saves from 40 shots - (0,850), L, 2-1-0, 60:00 minutes
Ray Emery (BEA), 32 saves from 34 shots - (0,941), W, 3-0-0, 60:00 minutes

Players Stats for Saguenéens

Player Name              G  A  P  +/- PIM S  H  SB GA TA FO     MP     PP MP  PK MP  
------------------------------------------------------------------------------------
Brandon Burlon           0  0  0  -2  6   0  0  2  0  0  0/0    22:07   3:34   3:47 
Bryan Bickell            0  0  0  -1  0   0  0  1  2  0  0/0     8:51   0:00   0:36 
David Laliberté          0  0  0   0  0   3  1  0  2  0  0/0     8:51   0:00   0:00 
David Moss               0  1  1   1  0   6  3  1  0  3  1/1    15:24   0:00   5:25 
David Rundblad           0  0  0   0  2   0  0  2  0  0  0/0    11:42   0:00   0:07 
David Toews              0  0  0  -1  0   0  1  1  0  0  2/2     7:23   0:00   0:00 
Eric Tangradi            0  0  0   0  0   3  1  0  0  0  0/0    11:39   2:46   0:00 
Evgeny Dadonov           0  0  0  -1  0   6  3  1  2  0  1/4    18:22   3:11   0:00 
Ian Cole                 0  1  1   1  0   1  0  1  0  0  0/0    23:45   2:23   3:51 
Joffrey Lupul            0  1  1   1  0   1  3  1  1  0  1/1    15:04   2:46   1:19 
Kevin Marshall           0  0  0   1  0   2  0  0  0  0  0/0    24:43   2:23   5:31 
Kris Russell             0  0  0  -2  0   1  0  3  1  1  0/0    27:09   3:34   5:37 
Kyle Brodziak            1  0  1   1  0   3  2  1  0  0  8/16   18:45   2:46   5:23 
Marcus Johansson         0  0  0  -1  2   2  1  0  0  0  20/34  18:23   3:11   0:00 
Petteri Wirtanen         0  0  0   0  0   2  2  0  0  0  5/13   14:18   0:00   5:25 
Rhett Rakhshani          0  0  0  -1  0   1  0  1  0  0  0/0     7:23   0:00   0:00 
Tomas Kudelka            0  0  0   0  4   2  1  1  1  1  0/0    11:50   0:00   3:23 
Tyler Kennedy            1  0  1  -1  2   1  3  2  0  1  1/1    23:06   3:11   4:08 

Players Stats for Harfangs

Player Name              G  A  P  +/- PIM S  H  SB GA TA FO     MP     PP MP  PK MP  
------------------------------------------------------------------------------------
Alex Killorn             0  1  1   1  0   8  4  1  2  0  14/33  20:30   4:38   0:00 
Alexandre Picard         0  2  2   1  2   7  3  0  1  0  0/0    28:14   5:31   1:35 
Brett Carson             0  0  0   0  0   1  0  0  0  0  0/0    13:34   0:28   3:48 
Brian Lashoff            0  0  0   0  0   2  2  1  1  1  0/0    24:26   5:09   3:30 
Chris Kreider            1  0  1   0  0   2  3  0  0  0  0/0    18:12   4:38   2:35 
Craig Smith              0  1  1  -1  0   1  2  0  0  0  0/2     9:03   1:17   1:14 
Drew Shore               0  0  0   1  0   0  1  0  0  1  2/6     9:48   0:00   0:42 
Dustin Jeffrey           0  0  0  -1  0   0  0  0  0  0  0/0     6:08   0:03   0:00 
Kyle Palmieri            0  0  0   1  2   0  1  0  1  0  2/2    20:52   4:38   0:00 
Mark Giordano            0  1  1   0  0   2  0  2  0  1  0/0    19:10   5:09   0:35 
Michal Repik             1  1  2   0  0   1  1  1  0  0  0/1    19:40   6:18   1:50 
Mike Hoffman             0  0  0  -1  0   0  0  0  0  0  0/0     5:58   0:00   0:00 
Nick Holden              0  0  0   0  0   0  0  0  0  2  0/0     8:09   0:00   0:00 
Peter Olvecky            2  1  3   1  2   4  2  0  0  0  1/1    23:20   5:25   1:56 
Petri Kontiola           1  2  3   0  0   4  1  0  0  1  13/26  20:34   6:27   3:05 
Roman Wick               1  0  1   1  0   4  0  0  0  0  0/0     9:06   0:00   0:00 
Tomas Tatar              0  1  1   1  0   1  0  0  1  0  1/1    10:28   0:00   0:32 
Victor Bartley           0  0  0   1  0   3  1  0  0  3  0/0    26:48   5:59   2:26 

3 Stars

1 - Peter Olvecky (BEA)
2 - Petri Kontiola (BEA)
3 - Michal Repik (BEA)

Power Play

Saguenéens - 0 on 3 Attempt(s) - 0,00%
Harfangs - 3 on 8 Attempt(s) - 37,50%

Penalty Kill

Saguenéens - 5 on 8 Attempt(s) - 62,50% - Score 0 goal in Penalty Kill
Harfangs - 3 on 3 Attempt(s) - 100,00% - Score 0 goal in Penalty Kill

Official

Referees : Fraser Kerry and Ciamaga Chris
Linesman : Ryan Galloway and Brad Kovachik

Game Notes

Tomas Kudelka is injured at 19:00 of 2nd period (Left Ankle)
16:08 of 3rd period - Harfangs goal is going for a video replay. After video review, Goal.

Saguenéens

5 vs 5 Forward 
   Center                   Left Wing                Right Wing               Time % Phy DF OF 
 1 Marcus Johansson         Evgeny Dadonov           Tyler Kennedy            40     1   2  2  
 2 Kyle Brodziak            Joffrey Lupul            David Moss               30     1   2  2  
 3 Petteri Wirtanen         Eric Tangradi            David Laliberté          20     1   2  2  
 4 David Toews              Bryan Bickell            Rhett Rakhshani          10     1   2  2  

5 vs 5 Defense 
   Defense                  Defense                                           Time % Phy DF OF 
 1 Ian Cole                 Kevin Marshall                                    37     1   2  2  
 2 Brandon Burlon           Kris Russell                                      33     1   2  2  
 3 Tomas Kudelka            David Rundblad                                    20     1   2  2  
 4 Kris Russell             Ian Cole                                          10     0   2  3  

PowerPlay Forward 
   Center                   Left Wing                Right Wing               Time % Phy DF OF 
 1 Marcus Johansson         Evgeny Dadonov           Tyler Kennedy            55     1   1  3  
 2 Kyle Brodziak            Eric Tangradi            Joffrey Lupul            45     1   1  3  

PowerPlay Defense
   Defense                  Defense                                           Time % Phy DF OF 
 1 Ian Cole                 Kevin Marshall                                    55     0   2  3  
 2 Brandon Burlon           Kris Russell                                      45     0   2  3  

Penalty Kill 4 Players Forward 
   Center                   Wing                     Time % Phy DF OF 
 1 Kyle Brodziak            Tyler Kennedy            50     1   3  1  
 2 Petteri Wirtanen         David Moss               50     1   3  1  

Penalty Kill 4 Players Defense
   Defense                  Defense                  Time % Phy DF OF 
 1 Tomas Kudelka            Kevin Marshall           50     1   3  1  
 2 Kris Russell             Brandon Burlon           50     1   3  1  

Penalty Kill - 3 Players Forward 
   Forward                                           Time % Phy DF OF 
 1 Kyle Brodziak                                     50     1   3  1  
 2 David Moss                                        50     1   3  1  

Penalty Kill - 3 Players Defense
   Defense                  Defense                  Time % Phy DF OF 
 1 Tomas Kudelka            Kevin Marshall           50     1   3  1  
 2 Kris Russell             Brandon Burlon           50     1   3  1  

4 vs 4 Forward 
   Center                   Wing                     Time % Phy DF OF 
 1 Marcus Johansson         Evgeny Dadonov           50     1   1  3  
 2 Kyle Brodziak            Tyler Kennedy            50     1   2  2  

4 vs 4 Defense
   Defense                  Defense                  Time % Phy DF OF 
 1 Ian Cole                 Kevin Marshall           50     1   2  2  
 2 Brandon Burlon           Kris Russell             50     1   2  2  

Last Minutes Offensive
   Center                   Left Wing                Right Wing               Defense                  Defense                  
   Kyle Brodziak            Evgeny Dadonov           Tyler Kennedy            Ian Cole                 Kris Russell             

Last Minutes Defensive
   Center                   Left Wing                Right Wing               Defense                  Defense                  
   Kyle Brodziak            Evgeny Dadonov           Tyler Kennedy            Kris Russell             Kevin Marshall           

Goaltenders
Starting : Harru Sateri             
Backup : James Reimer             

Extra Forwards
Normal : Kyle Brodziak, Eric Tangradi, Evgeny Dadonov - PP : Eric Tangradi, Bryan Bickell - PK : Joffrey Lupul
Extra Defensemen
Normal : Kris Russell, Brandon Burlon, Ian Cole - PP : David Rundblad - PK : Ian Cole, David Rundblad
Penalty Shots
Evgeny Dadonov, David Moss, Joffrey Lupul, Kyle Brodziak, Bryan Bickell

Harfangs

5 vs 5 Forward 
   Center                   Left Wing                Right Wing               Time % Phy DF OF 
 1 Alex Killorn             Peter Olvecky            Kyle Palmieri            40     1   2  2  
 2 Petri Kontiola           Chris Kreider            Michal Repik             30     1   2  2  
 3 Drew Shore               Tomas Tatar              Roman Wick               20     1   2  2  
 4 Craig Smith              Dustin Jeffrey           Mike Hoffman             10     1   2  2  

5 vs 5 Defense 
   Defense                  Defense                                           Time % Phy DF OF 
 1 Alexandre Picard         Victor Bartley                                    40     1   2  2  
 2 Mark Giordano            Brian Lashoff                                     30     1   2  2  
 3 Brett Carson             Nick Holden                                       20     1   2  2  
 4 Alexandre Picard         Brian Lashoff                                     10     1   2  2  

PowerPlay Forward 
   Center                   Left Wing                Right Wing               Time % Phy DF OF 
 1 Petri Kontiola           Peter Olvecky            Michal Repik             60     1   2  2  
 2 Alex Killorn             Chris Kreider            Kyle Palmieri            40     1   2  2  

PowerPlay Defense
   Defense                  Defense                                           Time % Phy DF OF 
 1 Alexandre Picard         Victor Bartley                                    60     1   2  2  
 2 Brian Lashoff            Mark Giordano                                     40     1   2  2  

Penalty Kill 4 Players Forward 
   Center                   Wing                     Time % Phy DF OF 
 1 Petri Kontiola           Peter Olvecky            60     1   2  2  
 2 Drew Shore               Chris Kreider            40     1   2  2  

Penalty Kill 4 Players Defense
   Defense                  Defense                  Time % Phy DF OF 
 1 Brian Lashoff            Brett Carson             60     1   2  2  
 2 Victor Bartley           Alexandre Picard         40     1   2  2  

Penalty Kill - 3 Players Forward 
   Forward                                           Time % Phy DF OF 
 1 Petri Kontiola                                    60     1   2  2  
 2 Drew Shore                                        40     1   2  2  

Penalty Kill - 3 Players Defense
   Defense                  Defense                  Time % Phy DF OF 
 1 Brian Lashoff            Brett Carson             60     1   2  2  
 2 Victor Bartley           Alexandre Picard         40     1   2  2  

4 vs 4 Forward 
   Center                   Wing                     Time % Phy DF OF 
 1 Petri Kontiola           Chris Kreider            60     1   2  2  
 2 Alex Killorn             Peter Olvecky            40     1   2  2  

4 vs 4 Defense
   Defense                  Defense                  Time % Phy DF OF 
 1 Alexandre Picard         Brett Carson             60     1   2  2  
 2 Brian Lashoff            Mark Giordano            40     1   2  2  

Last Minutes Offensive
   Center                   Left Wing                Right Wing               Defense                  Defense                  
   Petri Kontiola           Peter Olvecky            Kyle Palmieri            Alexandre Picard         Brett Carson             

Last Minutes Defensive
   Center                   Left Wing                Right Wing               Defense                  Defense                  
   Petri Kontiola           Peter Olvecky            Michal Repik             Brian Lashoff            Brett Carson             

Goaltenders
Starting : Ray Emery                
Backup : Marek Schwarz            

Extra Forwards
Normal : Craig Smith, Dustin Jeffrey, Michal Repik - PP : Craig Smith, Dustin Jeffrey - PK : Michal Repik
Extra Defensemen
Normal : Brian Lashoff, Mark Giordano, Victor Bartley - PP : Brian Lashoff - PK : Brett Carson, Victor Bartley
Penalty Shots
Craig Smith, Tomas Tatar, Petri Kontiola, Peter Olvecky, Dustin Jeffrey

% Time on Ice - Saguenéens

Lines # - Real PCT - Wanted PCT - Time Play
Normal Forward
1 - 37% - 40% - 15:48
2 - 25% - 30% - 10:53
3 - 21% - 20% - 8:51
4 - 17% - 10% - 7:23
Normal Defense
1 - 40% - 37% - 17:15
2 - 31% - 33% - 13:20
3 - 25% - 20% - 10:56
4 - 3% - 10% - 1:24
PP Forward
1 - 54% - 55% - 3:11
2 - 46% - 45% - 2:46
PP Defense
1 - 40% - 55% - 2:23
2 - 60% - 45% - 3:34
PK Forward
1 - 50% - 50% - 5:32
2 - 50% - 50% - 5:36
PK Defense
1 - 51% - 50% - 5:38
2 - 49% - 50% - 5:30
PK3 Forward
1 - 0% - 50%
2 - 0% - 50%
PK3 Defense
1 - 0% - 50%
2 - 0% - 50%
44 Forward
1 - 0% - 50%
2 - 0% - 50%
44 Defense
1 - 0% - 50%
2 - 0% - 50%
Last Minute Offensive  - 0:00
Last Minute Defensive  - 0:00
Total
Forward - 60:00
Defense - 60:00

% Time on Ice - Harfangs

Lines # - Real PCT - Wanted PCT - Time Play
Normal Forward
1 - 39% - 40% - 16:52
2 - 26% - 30% - 10:59
3 - 21% - 20% - 9:06
4 - 14% - 10% - 5:58
Normal Defense
1 - 46% - 40% - 19:32
2 - 31% - 30% - 13:26
3 - 19% - 20% - 8:09
4 - 4% - 10% - 1:48
PP Forward
1 - 58% - 60% - 6:30
2 - 42% - 40% - 4:38
PP Defense
1 - 54% - 60% - 5:59
2 - 46% - 40% - 5:09
PK Forward
1 - 88% - 60% - 5:15
2 - 12% - 40% - 0:42
PK Defense
1 - 49% - 60% - 2:56
2 - 51% - 40% - 3:01
PK3 Forward
1 - 0% - 60%
2 - 0% - 40%
PK3 Defense
1 - 0% - 60%
2 - 0% - 40%
44 Forward
1 - 0% - 60%
2 - 0% - 40%
44 Defense
1 - 0% - 60%
2 - 0% - 40%
Last Minute Offensive  - 0:00
Last Minute Defensive  - 0:00
Total
Forward - 60:00
Defense - 60:00

Play by Play

1st period


0:01 of 1st period - Marcus Johansson wins face-off versus Alex Killorn in neutral zone.
0:10 of 1st period - Snap shot by Evgeny Dadonov.
0:10 of 1st period - Deflect By Marcus Johansson.
0:10 of 1st period - Stopped by Ray Emery without a rebound.
0:11 of 1st period - Petri Kontiola wins face-off versus Kyle Brodziak in Harfangs zone.
0:22 of 1st period - Snap shot by Joffrey Lupul.
0:22 of 1st period - Stopped by Ray Emery with a rebound.
0:48 of 1st period - Off-side.
0:49 of 1st period - Marcus Johansson wins face-off versus Alex Killorn in neutral zone.
1:15 of 1st period - Tyler Kennedy is hit by Chris Kreider and loses puck.
2:04 of 1st period - Slapshot by Kyle Brodziak.
2:04 of 1st period - Shot Blocked by Brian Lashoff.
2:06 of 1st period - Snap shot by David Moss.
2:06 of 1st period - Stopped by Ray Emery without a rebound.
2:07 of 1st period - Kyle Palmieri wins face-off versus Kyle Brodziak in Harfangs zone.
2:38 of 1st period - Snap shot by Alexandre Picard.
2:38 of 1st period - Stopped by Harru Sateri with a rebound.
3:12 of 1st period - Wrist shot by Eric Tangradi.
3:12 of 1st period - Stopped by Ray Emery without a rebound.
3:13 of 1st period - Kyle Palmieri wins face-off versus Petteri Wirtanen in Harfangs zone.
3:22 of 1st period - Slapshot by Peter Olvecky.
3:22 of 1st period - Shot Blocked by Tomas Kudelka.
3:24 of 1st period - Slapshot by Alexandre Picard.
3:24 of 1st period - Deflect By David Rundblad.
3:24 of 1st period - Stopped by Harru Sateri with a rebound.
3:32 of 1st period - Wrist shot by Peter Olvecky.
3:32 of 1st period - Shot Misses the Net.
3:34 of 1st period - Snap shot by Brett Carson.
3:34 of 1st period - Stopped by Harru Sateri without a rebound.
3:35 of 1st period - Marcus Johansson wins face-off versus Drew Shore in Saguenéens zone.
4:20 of 1st period - Chris Kreider is hit by Tomas Kudelka and loses puck.
4:25 of 1st period - Snap shot by David Laliberté.
4:25 of 1st period - Shot Misses the Net.
4:27 of 1st period - Slapshot by Petteri Wirtanen.
4:27 of 1st period - Shot Blocked by Michal Repik.
4:29 of 1st period - Snap shot by Tomas Kudelka.
4:29 of 1st period - Stopped by Ray Emery without a rebound.
4:30 of 1st period - Marcus Johansson wins face-off versus Alex Killorn in Harfangs zone.
4:46 of 1st period - Minor Penalty to Tyler Kennedy for Roughing.
4:47 of 1st period - Kyle Brodziak wins face-off versus Petri Kontiola in Saguenéens zone.
5:23 of 1st period - Tomas Kudelka is hit by Chris Kreider and loses puck.
5:42 of 1st period - Off-side.
5:43 of 1st period - Kyle Brodziak wins face-off versus Petri Kontiola in neutral zone.
5:46 of 1st period - Petri Kontiola is hit by Kyle Brodziak and loses puck.
6:00 of 1st period - Icing by Peter Olvecky.
6:01 of 1st period - Petteri Wirtanen wins face-off versus Petri Kontiola in Harfangs zone.
6:04 of 1st period - Slapshot by Petteri Wirtanen.
6:04 of 1st period - Shot Misses the Net.
6:10 of 1st period - Slapshot by Mark Giordano.
6:10 of 1st period - Deflect By David Moss.
6:10 of 1st period - Stopped by Harru Sateri without a rebound.
6:11 of 1st period - Petteri Wirtanen wins face-off versus Petri Kontiola in Saguenéens zone.
6:20 of 1st period - Wrist shot by David Moss.
6:20 of 1st period - Stopped by Ray Emery with a rebound.
6:46 of 1st period - Penalty to Tyler Kennedy is over, Tyler Kennedy is back on ice.
6:59 of 1st period - Snap shot by Rhett Rakhshani.
6:59 of 1st period - Stopped by Ray Emery with a rebound.
7:58 of 1st period - Slapshot by Chris Kreider.
7:58 of 1st period - Shot Misses the Net.
8:00 of 1st period - Wrist shot by Petri Kontiola.
8:00 of 1st period - Stopped by Harru Sateri without a rebound.
8:01 of 1st period - Joffrey Lupul wins face-off versus Petri Kontiola in Saguenéens zone.
8:06 of 1st period - Snap shot by Petri Kontiola.
8:06 of 1st period - Stopped by Harru Sateri without a rebound.
8:07 of 1st period - David Moss wins face-off versus Alex Killorn in Saguenéens zone.
8:14 of 1st period - Snap shot by Alex Killorn.
8:14 of 1st period - Stopped by Harru Sateri with a rebound.
8:16 of 1st period - Snap shot by Peter Olvecky.
8:16 of 1st period - Shot Blocked by Joffrey Lupul.
8:18 of 1st period - Slapshot by Alexandre Picard.
8:18 of 1st period - Stopped by Harru Sateri with a rebound.
8:20 of 1st period - Slapshot by Alexandre Picard.
8:20 of 1st period - Shot Blocked by David Rundblad.
8:22 of 1st period - Slapshot by Victor Bartley.
8:22 of 1st period - Shot Misses the Net.
8:38 of 1st period - Snap shot by Tyler Kennedy.
8:38 of 1st period - Deflect By Marcus Johansson.
8:38 of 1st period - Shot Misses the Net.
8:38 of 1st period - Puck is out of play.
8:39 of 1st period - Marcus Johansson wins face-off versus Alex Killorn in Harfangs zone.
8:54 of 1st period - Marcus Johansson is hit by Alex Killorn.
9:06 of 1st period - Petri Kontiola is hit by Kyle Brodziak and loses puck.
9:54 of 1st period - Backhand shot by Craig Smith.
9:54 of 1st period - Shot Blocked by Brandon Burlon.
10:13 of 1st period - Marcus Johansson is hit by Alexandre Picard and loses puck.
10:28 of 1st period - Wrist shot by Kyle Brodziak.
10:28 of 1st period - Shot Misses the Net.
10:30 of 1st period - Snap shot by Kyle Brodziak.
10:30 of 1st period - Stopped by Ray Emery with a rebound.
11:09 of 1st period - Slapshot by Alexandre Picard.
11:09 of 1st period - Shot Blocked by Ian Cole.
11:52 of 1st period - Wrist shot by Chris Kreider.
11:52 of 1st period - Shot Misses the Net.
12:04 of 1st period - Minor Penalty to Tomas Kudelka for Interference.
12:05 of 1st period - Petri Kontiola wins face-off versus Petteri Wirtanen in Saguenéens zone.
12:08 of 1st period - Wrist shot by Peter Olvecky.
12:08 of 1st period - Goal by Peter Olvecky - Saguenéens : 0 - Harfangs : 1.
12:09 of 1st period - Alex Killorn wins face-off versus Marcus Johansson in neutral zone.
12:42 of 1st period - Snap shot by Chris Kreider.
12:42 of 1st period - Stopped by Harru Sateri with a rebound.
12:44 of 1st period - Slapshot by Alexandre Picard.
12:44 of 1st period - Shot Misses the Net.
12:46 of 1st period - Snap shot by Petri Kontiola.
12:46 of 1st period - Stopped by Harru Sateri without a rebound.
12:47 of 1st period - Drew Shore wins face-off versus Petteri Wirtanen in Saguenéens zone.
12:56 of 1st period - Slapshot by Mark Giordano.
12:56 of 1st period - Stopped by Harru Sateri with a rebound.
12:58 of 1st period - Slapshot by Brian Lashoff.
12:58 of 1st period - Stopped by Harru Sateri with a rebound.
13:00 of 1st period - Snap shot by Mark Giordano.
13:00 of 1st period - Deflect By Roman Wick.
13:00 of 1st period - Stopped by Harru Sateri without a rebound.
13:01 of 1st period - Marcus Johansson wins face-off versus Alex Killorn in Saguenéens zone.
13:01 of 1st period - Marcus Johansson is hit by Alex Killorn.
14:16 of 1st period - Double Minor Penalty to Brandon Burlon for Slashing.
14:17 of 1st period - Petri Kontiola wins face-off versus Kyle Brodziak in Saguenéens zone.
14:21 of 1st period - Slapshot by Petri Kontiola.
14:21 of 1st period - Shot Blocked by Kyle Brodziak.
14:23 of 1st period - Snap shot by Alexandre Picard.
14:23 of 1st period - Shot Blocked by Tyler Kennedy.
14:25 of 1st period - Wrist shot by Brian Lashoff.
14:25 of 1st period - Stopped by Harru Sateri without a rebound.
14:26 of 1st period - Petri Kontiola wins face-off versus Kyle Brodziak in Saguenéens zone.
14:51 of 1st period - Tomas Kudelka is hit by Craig Smith and loses puck.
15:10 of 1st period - Slapshot by Petri Kontiola.
15:10 of 1st period - Shot Misses the Net.
15:14 of 1st period - Slapshot by Alexandre Picard.
15:14 of 1st period - Shot Misses the Net.
15:16 of 1st period - Wrist shot by Craig Smith.
15:16 of 1st period - Shot Misses the Net.
15:18 of 1st period - Snap shot by Michal Repik.
15:18 of 1st period - Goal by Michal Repik - Saguenéens : 0 - Harfangs : 2.
15:19 of 1st period - Alex Killorn wins face-off versus Petteri Wirtanen in neutral zone.
15:22 of 1st period - Snap shot by Alexandre Picard.
15:22 of 1st period - Shot Misses the Net.
15:24 of 1st period - Slapshot by Alexandre Picard.
15:24 of 1st period - Stopped by Harru Sateri with a rebound.
16:27 of 1st period - Icing by Alex Killorn.
16:28 of 1st period - Kyle Brodziak wins face-off versus Alex Killorn in Harfangs zone.
17:16 of 1st period - Icing by Michal Repik.
17:17 of 1st period - Petri Kontiola wins face-off versus Kyle Brodziak in Harfangs zone.
17:18 of 1st period - Penalty to Brandon Burlon is over, Brandon Burlon is back on ice.
18:02 of 1st period - Snap shot by Roman Wick.
18:02 of 1st period - Shot Blocked by Rhett Rakhshani.
18:36 of 1st period - Snap shot by Peter Olvecky.
18:36 of 1st period - Stopped by Harru Sateri with a rebound.
18:52 of 1st period - Brian Lashoff is hit by Evgeny Dadonov.
19:45 of 1st period - Wrist shot by Petteri Wirtanen.
19:45 of 1st period - Stopped by Ray Emery with a rebound.
19:57 of 1st period - Wrist shot by Tyler Kennedy.
19:57 of 1st period - Goal by Tyler Kennedy - Saguenéens : 1 - Harfangs : 2.
19:58 of 1st period - Marcus Johansson wins face-off versus Alex Killorn in neutral zone.
Goals for this period are 1 for Saguenéens vs 2 for Harfangs.
Shots for this period are 10 for Saguenéens vs 18 for Harfangs.

2nd period


0:01 of 2nd period - Alex Killorn wins face-off versus Marcus Johansson in neutral zone.
0:11 of 2nd period - Off-side.
0:12 of 2nd period - Kyle Brodziak wins face-off versus Petri Kontiola in neutral zone.
0:19 of 2nd period - Wrist shot by David Moss.
0:19 of 2nd period - Deflect By Chris Kreider.
0:19 of 2nd period - Stopped by Ray Emery without a rebound.
0:20 of 2nd period - Petri Kontiola wins face-off versus Kyle Brodziak in Harfangs zone.
1:16 of 2nd period - Snap shot by Kyle Brodziak.
1:16 of 2nd period - Stopped by Ray Emery with a rebound.
1:18 of 2nd period - Snap shot by David Moss.
1:18 of 2nd period - Stopped by Ray Emery with a rebound.
1:20 of 2nd period - Slapshot by David Moss.
1:20 of 2nd period - Stopped by Ray Emery without a rebound.
1:21 of 2nd period - Marcus Johansson wins face-off versus Alex Killorn in Harfangs zone.
1:28 of 2nd period - Wrist shot by Tyler Kennedy.
1:28 of 2nd period - Shot Misses the Net.
1:53 of 2nd period - Brett Carson is hit by Eric Tangradi and loses puck.
2:16 of 2nd period - Snap shot by Craig Smith.
2:16 of 2nd period - Shot Misses the Net.
2:26 of 2nd period - Tyler Kennedy is hit by Peter Olvecky.
2:30 of 2nd period - Snap shot by Marcus Johansson.
2:30 of 2nd period - Deflect By Alex Killorn.
2:30 of 2nd period - Shot Blocked by Alex Killorn.
2:30 of 2nd period - Puck is out of play.
2:31 of 2nd period - Marcus Johansson wins face-off versus Drew Shore in Harfangs zone.
2:47 of 2nd period - Backhand shot by Roman Wick.
2:47 of 2nd period - Shot Misses the Net.
3:07 of 2nd period - Slapshot by Alexandre Picard.
3:07 of 2nd period - Stopped by Harru Sateri with a rebound.
3:31 of 2nd period - Slapshot by Eric Tangradi.
3:31 of 2nd period - Shot Misses the Net.
4:19 of 2nd period - Alex Killorn is hit by Marcus Johansson and loses puck.
4:26 of 2nd period - Snap shot by Evgeny Dadonov.
4:26 of 2nd period - Shot Misses the Net.
4:40 of 2nd period - Chris Kreider is hit by Joffrey Lupul and loses puck.
5:30 of 2nd period - Slapshot by Roman Wick.
5:30 of 2nd period - Deflect By Tomas Tatar.
5:30 of 2nd period - Shot Blocked by David Rundblad.
5:30 of 2nd period - Puck is out of play.
5:31 of 2nd period - Marcus Johansson wins face-off versus Drew Shore in Saguenéens zone.
5:36 of 2nd period - Mark Giordano is hit by Evgeny Dadonov.
5:46 of 2nd period - Snap shot by Evgeny Dadonov.
5:46 of 2nd period - Stopped by Ray Emery with a rebound.
6:14 of 2nd period - Minor Penalty to Kyle Palmieri for Holding.
6:15 of 2nd period - Marcus Johansson wins face-off versus Petri Kontiola in Harfangs zone.
6:50 of 2nd period - Ian Cole is hit by Peter Olvecky and loses puck.
7:05 of 2nd period - Ian Cole is hit by Drew Shore and loses puck.
7:12 of 2nd period - Joffrey Lupul is hit by Brian Lashoff and loses puck.
7:39 of 2nd period - Snap shot by Evgeny Dadonov.
7:39 of 2nd period - Stopped by Ray Emery with a rebound.
7:49 of 2nd period - Marcus Johansson is hit by Craig Smith and loses puck.
8:14 of 2nd period - Penalty to Kyle Palmieri is over, Kyle Palmieri is back on ice.
8:52 of 2nd period - Minor Penalty to David Rundblad for Diving.
8:53 of 2nd period - Petri Kontiola wins face-off versus Petteri Wirtanen in Saguenéens zone.
9:22 of 2nd period - Snap shot by Kyle Brodziak.
9:22 of 2nd period - Shot Misses the Net.
10:52 of 2nd period - Penalty to David Rundblad is over, David Rundblad is back on ice.
11:05 of 2nd period - Wrist shot by Roman Wick.
11:05 of 2nd period - Deflect By Joffrey Lupul.
11:05 of 2nd period - Shot Misses the Net.
11:05 of 2nd period - Puck is out of play.
11:06 of 2nd period - Drew Shore wins face-off versus Marcus Johansson in Saguenéens zone.
11:21 of 2nd period - Nick Holden is hit by Evgeny Dadonov and loses puck.
12:00 of 2nd period - Wrist shot by Kevin Marshall.
12:00 of 2nd period - Stopped by Ray Emery with a rebound.
12:02 of 2nd period - Wrist shot by Kevin Marshall.
12:02 of 2nd period - Stopped by Ray Emery without a rebound.
12:03 of 2nd period - Petri Kontiola wins face-off versus Marcus Johansson in Harfangs zone.
12:03 of 2nd period - Petri Kontiola is hit by Tyler Kennedy.
12:16 of 2nd period - Mark Giordano is hit by Tyler Kennedy and loses puck.
12:37 of 2nd period - Snap shot by Alex Killorn.
12:37 of 2nd period - Deflect By Kyle Palmieri.
12:37 of 2nd period - Shot Blocked by David Moss.
12:37 of 2nd period - Puck is out of play.
12:38 of 2nd period - Alex Killorn wins face-off versus Evgeny Dadonov in Saguenéens zone.
12:43 of 2nd period - Snap shot by Peter Olvecky.
12:43 of 2nd period - Shot Misses the Net.
12:45 of 2nd period - Slapshot by Victor Bartley.
12:45 of 2nd period - Deflect By David Rundblad.
12:45 of 2nd period - Stopped by Harru Sateri without a rebound.
12:46 of 2nd period - Marcus Johansson wins face-off versus Alex Killorn in Saguenéens zone.
13:03 of 2nd period - Evgeny Dadonov is hit by Alexandre Picard and loses puck.
13:13 of 2nd period - Off-side.
13:14 of 2nd period - Kyle Brodziak wins face-off versus Petri Kontiola in neutral zone.
13:17 of 2nd period - Slapshot by Ian Cole.
13:17 of 2nd period - Shot Misses the Net.
13:19 of 2nd period - Slapshot by Ian Cole.
13:19 of 2nd period - Shot Blocked by Mark Giordano.
13:25 of 2nd period - Chris Kreider is hit by David Moss and loses puck.
13:45 of 2nd period - Wrist shot by Roman Wick.
13:45 of 2nd period - Stopped by Harru Sateri with a rebound.
13:47 of 2nd period - Slapshot by Victor Bartley.
13:47 of 2nd period - Deflect By Ian Cole.
13:47 of 2nd period - Stopped by Harru Sateri with a rebound.
14:03 of 2nd period - Snap shot by Evgeny Dadonov.
14:03 of 2nd period - Stopped by Ray Emery with a rebound.
14:07 of 2nd period - Wrist shot by Tyler Kennedy.
14:07 of 2nd period - Shot Misses the Net.
14:09 of 2nd period - Wrist shot by Ian Cole.
14:09 of 2nd period - Stopped by Ray Emery without a rebound.
14:10 of 2nd period - Petri Kontiola wins face-off versus Kyle Brodziak in Harfangs zone.
15:02 of 2nd period - Roman Wick is hit by David Toews and loses puck.
15:21 of 2nd period - Snap shot by Tomas Kudelka.
15:21 of 2nd period - Stopped by Ray Emery with a rebound.
15:23 of 2nd period - Slapshot by Eric Tangradi.
15:23 of 2nd period - Stopped by Ray Emery without a rebound.
15:24 of 2nd period - Alex Killorn wins face-off versus Petteri Wirtanen in Harfangs zone.
16:20 of 2nd period - Icing by Alexandre Picard.
16:21 of 2nd period - David Toews wins face-off versus Petri Kontiola in Harfangs zone.
16:23 of 2nd period - Minor Penalty to Tomas Kudelka for Roughing.
16:24 of 2nd period - Petteri Wirtanen wins face-off versus Michal Repik in Saguenéens zone.
16:24 of 2nd period - Petteri Wirtanen is hit by Petri Kontiola.
16:37 of 2nd period - Kevin Marshall is hit by Brian Lashoff and loses puck.
18:23 of 2nd period - Penalty to Tomas Kudelka is over, Tomas Kudelka is back on ice.
18:59 of 2nd period - Tomas Kudelka is hit by Alexandre Picard and loses puck.
19:00 of 2nd period - Tomas Kudelka from Saguenéens is injured at 19:00 of 2nd period (Left Ankle).
19:01 of 2nd period - Marcus Johansson wins face-off versus Alex Killorn in Saguenéens zone.
19:11 of 2nd period - Off-side.
19:12 of 2nd period - Alex Killorn wins face-off versus Marcus Johansson in neutral zone.
19:16 of 2nd period - Off-side.
19:17 of 2nd period - Alex Killorn wins face-off versus Marcus Johansson in neutral zone.
19:24 of 2nd period - Snap shot by Alex Killorn.
19:24 of 2nd period - Stopped by Harru Sateri without a rebound.
19:25 of 2nd period - Alex Killorn wins face-off versus Marcus Johansson in Saguenéens zone.
19:26 of 2nd period - Snap shot by Peter Olvecky.
19:26 of 2nd period - Shot Misses the Net.
19:28 of 2nd period - Snap shot by Alex Killorn.
19:28 of 2nd period - Stopped by Harru Sateri with a rebound.
19:30 of 2nd period - Slapshot by Victor Bartley.
19:30 of 2nd period - Deflect By Evgeny Dadonov.
19:30 of 2nd period - Stopped by Harru Sateri without a rebound.
19:31 of 2nd period - Marcus Johansson wins face-off versus Alex Killorn in Saguenéens zone.
Goals for this period are 0 for Saguenéens vs 0 for Harfangs.
Shots for this period are 12 for Saguenéens vs 7 for Harfangs.

3rd period


0:01 of 3rd period - Alex Killorn wins face-off versus Marcus Johansson in neutral zone.
1:13 of 3rd period - Slapshot by Craig Smith.
1:13 of 3rd period - Deflect By Kevin Marshall.
1:13 of 3rd period - Shot Blocked by David Toews.
1:13 of 3rd period - Puck is out of play.
1:14 of 3rd period - Marcus Johansson wins face-off versus Alex Killorn in Saguenéens zone.
1:14 of 3rd period - Marcus Johansson is hit by Alex Killorn.
1:30 of 3rd period - Snap shot by Peter Olvecky.
1:30 of 3rd period - Shot Blocked by Evgeny Dadonov.
2:11 of 3rd period - Wrist shot by David Laliberté.
2:11 of 3rd period - Stopped by Ray Emery without a rebound.
2:12 of 3rd period - Marcus Johansson wins face-off versus Alex Killorn in Harfangs zone.
3:06 of 3rd period - Wrist shot by Tomas Tatar.
3:06 of 3rd period - Stopped by Harru Sateri with a rebound.
3:08 of 3rd period - Wrist shot by Roman Wick.
3:08 of 3rd period - Shot Blocked by Kris Russell.
3:10 of 3rd period - Wrist shot by Roman Wick.
3:10 of 3rd period - Goal by Roman Wick - Saguenéens : 1 - Harfangs : 3.
3:11 of 3rd period - Marcus Johansson wins face-off versus Alex Killorn in neutral zone.
3:16 of 3rd period - Slapshot by Tyler Kennedy.
3:16 of 3rd period - Shot Misses the Net.
3:26 of 3rd period - Snap shot by Tyler Kennedy.
3:26 of 3rd period - Deflect By Evgeny Dadonov.
3:26 of 3rd period - Stopped by Ray Emery without a rebound.
3:27 of 3rd period - Petri Kontiola wins face-off versus Kyle Brodziak in Harfangs zone.
3:27 of 3rd period - Petri Kontiola is hit by David Moss.
3:39 of 3rd period - Slapshot by Alexandre Picard.
3:39 of 3rd period - Stopped by Harru Sateri without a rebound.
3:40 of 3rd period - Alex Killorn wins face-off versus Evgeny Dadonov in Saguenéens zone.
3:43 of 3rd period - Wrist shot by Alex Killorn.
3:43 of 3rd period - Stopped by Harru Sateri with a rebound.
3:45 of 3rd period - Slapshot by Alexandre Picard.
3:45 of 3rd period - Shot Blocked by Kris Russell.
3:47 of 3rd period - Slapshot by Alexandre Picard.
3:47 of 3rd period - Deflect By Marcus Johansson.
3:47 of 3rd period - Stopped by Harru Sateri without a rebound.
3:48 of 3rd period - Alex Killorn wins face-off versus Marcus Johansson in Saguenéens zone.
3:49 of 3rd period - Wrist shot by Peter Olvecky.
3:49 of 3rd period - Shot Misses the Net.
3:51 of 3rd period - Wrist shot by Alex Killorn.
3:51 of 3rd period - Stopped by Harru Sateri with a rebound.
3:53 of 3rd period - Snap shot by Alexandre Picard.
3:53 of 3rd period - Shot Blocked by Tyler Kennedy.
3:55 of 3rd period - Snap shot by Alex Killorn.
3:55 of 3rd period - Stopped by Harru Sateri with a rebound.
3:57 of 3rd period - Snap shot by Alexandre Picard.
3:57 of 3rd period - Deflect By Peter Olvecky.
3:57 of 3rd period - Goal by Peter Olvecky - Saguenéens : 1 - Harfangs : 4.
3:58 of 3rd period - Tyler Kennedy wins face-off versus Alex Killorn in neutral zone.
4:07 of 3rd period - Wrist shot by Evgeny Dadonov.
4:07 of 3rd period - Deflect By Marcus Johansson.
4:07 of 3rd period - Shot Misses the Net.
4:07 of 3rd period - Puck is out of play.
4:08 of 3rd period - Marcus Johansson wins face-off versus Alex Killorn in Harfangs zone.
4:19 of 3rd period - Wrist shot by Tyler Kennedy.
4:19 of 3rd period - Shot Misses the Net.
4:21 of 3rd period - Snap shot by Marcus Johansson.
4:21 of 3rd period - Stopped by Ray Emery without a rebound.
4:22 of 3rd period - Kyle Brodziak wins face-off versus Petri Kontiola in Harfangs zone.
4:23 of 3rd period - Wrist shot by David Moss.
4:23 of 3rd period - Stopped by Ray Emery with a rebound.
4:31 of 3rd period - Slapshot by Kyle Brodziak.
4:31 of 3rd period - Goal by Kyle Brodziak - Saguenéens : 2 - Harfangs : 4.
4:32 of 3rd period - Alex Killorn wins face-off versus Marcus Johansson in neutral zone.
4:59 of 3rd period - Chris Kreider is hit by Joffrey Lupul and loses puck.
5:24 of 3rd period - Wrist shot by Roman Wick.
5:24 of 3rd period - Shot Misses the Net.
5:26 of 3rd period - Snap shot by Roman Wick.
5:26 of 3rd period - Shot Blocked by Brandon Burlon.
5:28 of 3rd period - Wrist shot by Drew Shore.
5:28 of 3rd period - Shot Blocked by Kris Russell.
5:30 of 3rd period - Wrist shot by Roman Wick.
5:30 of 3rd period - Shot Misses the Net.
5:32 of 3rd period - Wrist shot by Drew Shore.
5:32 of 3rd period - Shot Misses the Net.
6:01 of 3rd period - Wrist shot by Craig Smith.
6:01 of 3rd period - Stopped by Harru Sateri with a rebound.
6:26 of 3rd period - Petri Kontiola is hit by David Moss and loses puck.
7:04 of 3rd period - Evgeny Dadonov is hit by Victor Bartley and loses puck.
7:09 of 3rd period - Snap shot by Alex Killorn.
7:09 of 3rd period - Shot Misses the Net.
7:10 of 3rd period - Minor Penalty to Peter Olvecky for Hooking.
7:11 of 3rd period - Marcus Johansson wins face-off versus Petri Kontiola in Harfangs zone.
7:14 of 3rd period - Snap shot by Evgeny Dadonov.
7:14 of 3rd period - Stopped by Ray Emery with a rebound.
7:16 of 3rd period - Slapshot by Kris Russell.
7:16 of 3rd period - Stopped by Ray Emery with a rebound.
7:18 of 3rd period - Snap shot by Evgeny Dadonov.
7:18 of 3rd period - Shot Hit the Post.
7:56 of 3rd period - Brett Carson is hit by Tyler Kennedy and loses puck.
8:12 of 3rd period - Icing by Joffrey Lupul.
8:13 of 3rd period - Kyle Brodziak wins face-off versus Craig Smith in Saguenéens zone.
9:10 of 3rd period - Penalty to Peter Olvecky is over, Peter Olvecky is back on ice.
9:18 of 3rd period - Slapshot by Brett Carson.
9:18 of 3rd period - Shot Blocked by Bryan Bickell.
9:20 of 3rd period - Slapshot by Brian Lashoff.
9:20 of 3rd period - Shot Misses the Net.
9:42 of 3rd period - Snap shot by Roman Wick.
9:42 of 3rd period - Stopped by Harru Sateri without a rebound.
9:43 of 3rd period - Kyle Brodziak wins face-off versus Drew Shore in Saguenéens zone.
10:08 of 3rd period - Brandon Burlon is hit by Alex Killorn and loses puck.
10:29 of 3rd period - Wrist shot by Eric Tangradi.
10:29 of 3rd period - Stopped by Ray Emery with a rebound.
10:31 of 3rd period - Wrist shot by Petteri Wirtanen.
10:31 of 3rd period - Stopped by Ray Emery with a rebound.
10:33 of 3rd period - Wrist shot by David Laliberté.
10:33 of 3rd period - Stopped by Ray Emery without a rebound.
10:34 of 3rd period - Petri Kontiola wins face-off versus Petteri Wirtanen in Harfangs zone.
10:53 of 3rd period - Snap shot by David Laliberté.
10:53 of 3rd period - Stopped by Ray Emery without a rebound.
10:54 of 3rd period - Peter Olvecky wins face-off versus Marcus Johansson in Harfangs zone.
11:11 of 3rd period - Kevin Marshall is hit by Kyle Palmieri and loses puck.
11:35 of 3rd period - Minor Penalty to Alexandre Picard for Tripping.
11:36 of 3rd period - Marcus Johansson wins face-off versus Petri Kontiola in Harfangs zone.
13:35 of 3rd period - Penalty to Alexandre Picard is over, Alexandre Picard is back on ice.
13:59 of 3rd period - Icing by Tomas Tatar.
14:00 of 3rd period - Petteri Wirtanen wins face-off versus Alex Killorn in Harfangs zone.
14:11 of 3rd period - Snap shot by Alex Killorn.
14:11 of 3rd period - Stopped by Harru Sateri with a rebound.
14:26 of 3rd period - Kris Russell is hit by Chris Kreider and loses puck.
15:14 of 3rd period - Victor Bartley is hit by Joffrey Lupul and loses puck.
15:25 of 3rd period - Kyle Palmieri is hit by Petteri Wirtanen and loses puck.
15:32 of 3rd period - Kyle Palmieri is hit by David Laliberté and loses puck.
15:47 of 3rd period - Slapshot by Evgeny Dadonov.
15:47 of 3rd period - Stopped by Ray Emery without a rebound.
15:48 of 3rd period - Petri Kontiola wins face-off versus Marcus Johansson in Harfangs zone.
15:59 of 3rd period - Marcus Johansson is hit by Michal Repik and loses puck.
16:06 of 3rd period - Wrist shot by Chris Kreider.
16:06 of 3rd period - Shot Misses the Net.
16:08 of 3rd period - Snap shot by Chris Kreider.
16:08 of 3rd period - Harfangs goal is going for a video replay.
16:08 of 3rd period - The goal is good.
16:08 of 3rd period - Goal by Chris Kreider - Saguenéens : 2 - Harfangs : 5.
16:09 of 3rd period - Evgeny Dadonov wins face-off versus Alex Killorn in neutral zone.
16:20 of 3rd period - Wrist shot by Alex Killorn.
16:20 of 3rd period - Stopped by Harru Sateri without a rebound.
16:21 of 3rd period - Alex Killorn wins face-off versus Evgeny Dadonov in Saguenéens zone.
16:39 of 3rd period - Minor Penalty to Brandon Burlon for High sticking.
16:40 of 3rd period - Petri Kontiola wins face-off versus Petteri Wirtanen in Saguenéens zone.
16:40 of 3rd period - Slapshot by Peter Olvecky.
16:40 of 3rd period - Stopped by Harru Sateri with a rebound.
16:42 of 3rd period - Slapshot by Peter Olvecky.
16:42 of 3rd period - Shot Misses the Net.
16:44 of 3rd period - Snap shot by Petri Kontiola.
16:44 of 3rd period - Shot Misses the Net.
16:46 of 3rd period - Wrist shot by Petri Kontiola.
16:46 of 3rd period - Goal by Petri Kontiola - Saguenéens : 2 - Harfangs : 6.
16:47 of 3rd period - Alex Killorn wins face-off versus Marcus Johansson in neutral zone.
16:59 of 3rd period - Minor Penalty to Marcus Johansson for Tripping.
17:00 of 3rd period - Petteri Wirtanen wins face-off versus Petri Kontiola in Saguenéens zone.
18:24 of 3rd period - Victor Bartley is hit by Petteri Wirtanen and loses puck.
18:59 of 3rd period - Penalty to Marcus Johansson is over, Marcus Johansson is back on ice.
19:04 of 3rd period - Slapshot by Kris Russell.
19:04 of 3rd period - Shot Misses the Net.
19:06 of 3rd period - Snap shot by David Rundblad.
19:06 of 3rd period - Shot Blocked by Mark Giordano.
19:14 of 3rd period - Wrist shot by Tomas Tatar.
19:14 of 3rd period - Deflect By David Rundblad.
19:14 of 3rd period - Shot Hit the Post.
19:14 of 3rd period - Puck is out of play.
19:15 of 3rd period - Tomas Tatar wins face-off versus Marcus Johansson in Saguenéens zone.
19:38 of 3rd period - Icing by Mike Hoffman.
19:39 of 3rd period - David Toews wins face-off versus Craig Smith in Harfangs zone.
Goals for this period are 1 for Saguenéens vs 4 for Harfangs.
Shots for this period are 12 for Saguenéens vs 15 for Harfangs.


Output by the SimonT Hockey Simulator (STHS) for François Prévost -- Original Page W3C XHTML 1.0 Valid
Hockey Simulator - Hockey Simulation - Hockey Manager